 Dungeon Crawl Stone Soup version 0.16.1-2-g95b8d4c (webtiles) character file.

954 wojtek the Slicer (level 8, -3/51 HPs)
             Began as a Kobold Assassin on Mar 25, 2015.
             Slain by Duvessa
             ... wielding a +0 rapier
              (6 damage)
             ... on level 6 of the Dungeon.
             The game lasted 00:15:56 (7294 turns).

wojtek the Slicer (Kobold Assassin)                 Turns: 7294, Time: 00:15:56

Health: -3/51      AC:  6    Str: 13    XL:     8   Next: 36%
Magic:  8/8        EV: 18    Int: 11    God:
Gold:   304        SH:  0    Dex: 17    Spells: 0 memorised, 7 levels left

rFire  . . .     SeeInvis .     a - +2 dagger
rCold  . . .     Clarity  .     c - +0 robe
rNeg   . . .     SustAb   .     (no shield)
rPois  .         Gourm    .     t - +2 helmet
rElec  .         Spirit   .     d - +0 cloak
rCorr  .         Warding  .     (no gloves)
rMut   .         Stasis   .     (no boots)
MR     .....                    (no amulet)
Stlth  +++.......               I - ring of flight
                                n - +3 ring of strength

@: not resistant to hostile enchantments, fairly stealthy
A: carnivore 3
a: Evoke Flight


You were on level 6 of the Dungeon.
You were very full.

You visited 1 branch of the dungeon, and saw 6 of its levels.

You collected 304 gold pieces.

Inventory:

Hand weapons
 a - a +2 dagger (weapon)
 b - a +0 blowgun
Missiles
 e - 33 poisoned needles
 f - 2 curare-tipped needles {=f}
 F - 2 throwing nets (quivered)
Armour
 c - a +0 robe (worn)
 d - a +0 cloak (worn)
 t - a +2 helmet (worn)
 B - a +0 pair of gloves
Jewellery
 n - a +3 ring of strength (left hand)
 q - an uncursed ring of see invisible
 u - an uncursed ring of protection from magic
 I - a ring of flight (right hand)
Scrolls
 h - a scroll of random uselessness {unknown}
 l - 2 scrolls of amnesia {unknown}
 m - 6 scrolls of identify {unknown}
 o - 4 scrolls of magic mapping {unknown}
 p - 2 scrolls of teleportation {unknown}
 s - 2 scrolls of remove curse {unknown}
 x - a scroll of enchant weapon {unknown}
 y - 4 scrolls of fog {unknown}
 H - a scroll of blinking {unknown}
 J - a scroll of summoning {unknown}
Potions
 j - a potion of ambrosia {unknown}
 k - a potion of restore abilities {unknown}
 r - 2 potions of invisibility {unknown}
 v - a potion of might {unknown}
 w - a potion of agility {unknown}
 A - 2 potions of haste {unknown}
 C - a potion of resistance {unknown}
 D - 2 potions of brilliance {unknown}
 E - a potion of magic {unknown}
 K - a potion of cancellation {unknown}
Comestibles
 g - 5 meat rations
 i - a beef jerky
 z - a royal jelly
 G - 5 chunks of flesh


   Skills:
 + Level 5.7 Fighting
 - Level 8.4 Short Blades
 - Level 2.6 Throwing
 + Level 5.5 Dodging
 - Level 5.3 Stealth


You had 7 spell levels left.
You didn't know any spells.

Dungeon Overview and Level Annotations

Branches:
Dungeon (6/15)
 Temple: D:4-7

Altars:
Elyvilon
Ru
Sif Muna
Vehumet

Annotations:
D:2 Grinder
D:3 herpmino's ghost, weakling VSCK
D:4 exclusion: phantom, Eustachio
D:6 Dowan; Duvessa; puimuR's ghost, average FeNe


Innate Abilities, Weirdness & Mutations

You are small and have problems with some larger weapons.
You are carnivorous and can eat meat at any time.


Message History

There are no items here.
K - an orange potion Duvessa and Dowan come into view.
Duvessa shouts!
Duvessa says, "Beauty is only skin deep, and my weapons penetrate much further than that."
Dowan gestures at you while chanting. The puff of frost hits you!
* * * LOW HITPOINT WARNING * * *
Dowan gestures at Duvessa while chanting.
Duvessa seems to speed up.
Duvessa says, "Did you see that move?
Perfect!"
Dowan casts a spell.
Dowan blinks!
Duvessa hits you with a rapier!
* * * LOW HITPOINT WARNING * * *
A giant gecko comes into view.
Duvessa barely misses you.
There is an escape hatch in the ceiling here.
Duvessa says, "When magic and the sword combine, nothing stands against them."
Duvessa hits you with a rapier.
You die...

##...........#++
#................
##................
##...#.............
##....#.............
....................
......................
.####.......e........
#.......@........
#................
#................
##........#........
#........#<#.....
#.......(.#........
l..................
..................
.......##........


You could see Duvessa.

Vanquished Creatures
  An ice beast (D:5)
  A sky beast (D:5)
  An ogre (D:5)
  2 centaurs (D:5)
  A scorpion (D:4)
  2 crimson imps
  3 worker ants
  An iguana (D:4)
  Robin (D:3)
  7 gnolls
  2 shadow imps
  8 adders
  2 giant mites
  2 worms
  An adder zombie (D:5)
  6 giant geckos
  2 oozes
  3 orcs (D:5)
  2 ball pythons (D:1)
  2 bat skeletons
  4 giant cockroaches
  18 goblins
  14 hobgoblins
  5 jackals
  15 kobolds
  9 bats
  A giant gecko skeleton (D:4)
  9 giant newts
  5 quokkas
  4 rats
134 creatures vanquished.

Notes
Turn   | Place    | Note
--------------------------------------------------------------
     0 | D:1      | wojtek, the Kobold Assassin, began the quest for the Orb.
     0 | D:1      | Reached XP level 1. HP: 12/12 MP: 1/1
   310 | D:1      | Reached XP level 2. HP: 17/17 MP: 2/2
   829 | D:1      | Reached XP level 3. HP: 21/21 MP: 3/3
  1327 | D:2      | Reached skill level 5 in Short Blades
  1412 | D:2      | Reached XP level 4. HP: 13/26 MP: 4/4
  1851 | D:2      | Reached skill level 6 in Short Blades
  2198 | D:2      | Reached XP level 5. HP: 11/30 MP: 5/5
  2954 | D:3      | Noticed herpmino's ghost (weakling VSCK)
  3154 | D:3      | Noticed Robin
  3184 | D:3      | Killed Robin
  3184 | D:3      | Reached skill level 7 in Short Blades
  3882 | D:3      | Noticed Grinder
  4243 | D:3      | Reached XP level 6. HP: 25/35 MP: 6/6
  4633 | D:4      | Found a white marble altar of Elyvilon.
  4693 | D:4      | Reached skill level 8 in Short Blades
  4860 | D:4      | Noticed Eustachio
  4959 | D:4      | Found a deep blue altar of Sif Muna.
  5637 | D:4      | Reached XP level 7. HP: 40/40 MP: 7/7
  6044 | D:5      | Entered Level 5 of the Dungeon
  6334 | D:5      | HP: 1/44 [gnoll/spear (3)]
  6682 | D:5      | Found a radiant altar of Vehumet.
  6709 | D:5      | Found a sacrificial altar of Ru.
  6759 | D:5      | Reached XP level 8. HP: 40/48 MP: 8/8
  7003 | D:5      | Reached skill level 5 in Fighting
  7094 | D:6      | Noticed puimuR's ghost (average FeNe)
  7141 | D:5      | Reached skill level 5 in Dodging
  7278 | D:6      | Noticed Duvessa
  7278 | D:6      | Noticed Dowan
  7294 | D:6      | Slain by Duvessa

Action                   |  1- 3 |  4- 6 |  7- 9 || total
-------------------------+-------+-------+-------++-------
Melee: Dagger            |    76 |   339 |   146 ||   561
 Fire: Blowgun           |       |    15 |     9 ||    24
 Stab: Sleeping          |     6 |    13 |     5 ||    24
       Distracted        |       |     3 |       ||     3
  Eat: Chunk             |    10 |    13 |     4 ||    27
